Unix NetHack Version 5.0.0-0 post-release - last build May 31 2026 23:59:36 (970b52f25bf058293b47ddfd14a1e40e571c508c,branch:main).

Game began 2026-06-02 13:56:06, ended 2026-06-02 14:05:12.

Booker, lawful male human Knight

                                                             ---
                                                  -----   ---..--
                                                ---...|  -......---------
                                                |.....---...............----
                                                |*.........................|
                                                 -@)hu...G.................|
                                                 -%<.%.....................-
                                                ..----.......................|
                                               --.    ---..-- ...............|
                                                .        ---  -  ............|
                                                .                    .......--
                                                                        ...--
                                                                          --

Booker the Esquire       St:15 Dx:8 Co:11 In:12 Wi:16 Ch:17  Lawful S:314
Dlvl:3  $:26 HP:0(27) Pw:13(13) AC:3  Xp:3/42 T:544 

Latest messages:
 MrEd misses the gnome.
 MrEd hits the gnome.
 The gnome is killed!
 You swap places with MrEd.
 You hit the gnome lord.
 MrEd hits the gnome lord.
 MrEd bites the gnome lord.
 The gnome throws a dagger!
 The dagger hits the gnome lord.
 The gnome lord is killed!
 The gnome wields 3 daggers!
 MrEd misses the gnome.
 MrEd bites the gnome.
 You miss the gnome.
 MrEd hits the gnome.
 MrEd misses the gnome.
 The gnome thrusts one of his daggers at MrEd.
 The gnome hits MrEd.
 You miss the gnome.
 You miss the gnome.
 You kill the gnome!
 MrEd picks up a gnome corpse.
 The dwarf wields a pick-axe!
 MrEd drops a gnome corpse.
 Pick a monster, object or location.
 You miss the dwarf.
 The dwarf swings her pick-axe.
 The dwarf hits!
 You miss the dwarf.
 You miss the dwarf.
 You miss the dwarf.
 You miss the dwarf.
 The dwarf swings her pick-axe.
 The dwarf hits!
 The dwarf picks up 3 daggers.
 The dwarf picks up 2 daggers.
 You hit the gnome.
 The gnome hits!
 You kill the gnome!
 Welcome to experience level 3.
 The gnome wields a crossbow!
 You see here a gnome corpse.
 The gnome shoots 2 crossbow bolts!
 The 1st crossbow bolt misses MrEd.
 You are hit by the 1st crossbow bolt.
 The 2nd crossbow bolt misses MrEd.
 You are almost hit by the 2nd crossbow bolt.
 The dwarf throws a dagger!
 You are hit by a dagger.
 You die...

Inventory:
 Coins    ('$')
  $ - 26 gold pieces
 Weapons  (')')
  a - an uncursed +1 long sword (weapon in right hand)
  b - an uncursed +1 lance (alternate weapon; not wielded)
 Armor    ('[')
  d - an uncursed +0 helmet (being worn)
  f - an uncursed +0 pair of leather gloves (being worn)
  e - an uncursed +0 small shield (being worn)
  c - an uncursed +1 ring mail (being worn)
 Comestibles  ('%')
  g - 11 uncursed apples
  h - 12 uncursed carrots
  k - an uncursed cram ration
 Potions  ('!')
  i - an uncursed potion of hallucination
  l - 3 uncursed potions of healing
 Wands    ('/')
  j - an uncursed wand of cancellation (1:6)
  m - an uncursed wand of digging (0:7)
 Tools    ('(')
  o - an uncursed tallow candle
 Gems/Stones  ('*')
  n - an uncursed worthless piece of red glass

Booker the Knight's attributes:

Background:
 You were an Esquire, a level 3 male human Knight.
 You were lawful, on a mission for Lugh
 who was opposed by Brigit (neutral) and Manannan Mac Lir (chaotic).
 You were right-handed.
 You were in the Gnomish Mines, on level 3.
 You entered the dungeon 544 turns ago.
 There was a full moon in effect when your adventure ended.
 You had 42 experience points, 38 more were needed to attain level 4.
 Your score was 314 before end-of-game adjustments.

Basics:
 You had 0 out of 27 hit points.
 You had all 13 energy points (spell power).
 Your armor class was 3.
 Your wallet contained 26 zorkmids.
 Autopickup was on for '$%?!"=/' plus thrown, with exceptions.

Final Characteristics:
 Your strength was 15 (limit:18/100).
 Your dexterity was 8 (limit:18).
 Your constitution was 11 (limit:18).
 Your intelligence was 12 (limit:18).
 Your wisdom was 16 (limit:18).
 Your charisma was 17 (limit:18).

Final Status:
 You weren't hungry.
 You were unencumbered.
 You were wielding a long sword.
 You had basic skill with long sword.

Final Attributes:
 You were fervently aligned.
 You could jump.
 You were warded.
 You were lucky.
 You are dead.

Miscellaneous:
 You disabled loading and storing of bones levels.
 Total elapsed playing time was 8 minutes and 9 seconds.

Major events:
 Turn
    1: Booker the lawful male human Knight entered the dungeon
  516: entered the Gnomish Mines
  542: attained the rank of Esquire (level 3)
  544: killed by a dagger

You didn't know any spells.

Skills:
 Fighting Skills
   bare handed combat [Unskilled]
   two weapon combat  [Unskilled]
   riding             [Basic]
 Weapon Skills
   dagger             [Unskilled]
   knife              [Unskilled]
   axe                [Unskilled]
   pick-axe           [Unskilled]
   short sword        [Unskilled]
   broadsword         [Unskilled]
   long sword         [Basic]
   two-handed sword   [Unskilled]
   saber              [Unskilled]
   club               [Unskilled]
   mace               [Unskilled]
   morning star       [Unskilled]
   flail              [Unskilled]
   hammer             [Unskilled]
   polearms           [Unskilled]
   spear              [Unskilled]
   trident            [Unskilled]
   lance              [Basic]
   bow                [Unskilled]
   crossbow           [Unskilled]
 Spellcasting Skills
   attack spells      [Unskilled]
   healing spells     [Unskilled]
   clerical spells    [Unskilled]

Voluntary challenges:
 Character rerolling was not enabled.
 You were an atheist.
 You never genocided any monsters.
 You never polymorphed an object.
 You never changed form.
 You used no wishes.
Achievements:
 You entered the Gnomish Mines.
 You attained the rank of Esquire.

 The Dungeons of Doom: levels 1 to 2
    Level 1:
    Level 2:
       Stairs down to The Gnomish Mines.
 The Gnomish Mines:
    Level 3: <- You were here.
       Final resting place for
          you, killed by a dagger.


Vanquished creatures:
  a gnome leader
  5 gnomes
  a jackal
  2 goblins
  2 grid bugs
  2 newts
13 creatures vanquished.

No species were genocided or became extinct.

Game over:
                       ----------
                      /          \
                     /    REST    \
                    /      IN      \
                   /     PEACE      \
                  /                  \
                  |      Booker      |
                  |      26 Au       |
                  |   killed by a    |
                  |      dagger      |
                  |                  |
                  |                  |
                  |       2026       |
                 *|     *  *  *      | *
        _________)/\\_//(\/(/\)/\//\/|_)_______

Fare thee well Booker the Knight...

You died in The Gnomish Mines on dungeon level 3 with 312 points,
and 26 pieces of gold, after 544 moves.
You were level 3 with a maximum of 27 hit points when you died.

